 Dungeon Crawl Stone Soup version 0.20.1-1-g8b1a95d (webtiles) character file.

51 ANON1729 the Firebug (level 3, -1/25 HPs)
             Began as a Demonspawn Fire Elementalist on Aug 8, 2017.
             Slain by a goblin (4 damage)
             ... on level 2 of the Dungeon.
             The game lasted 00:03:11 (2118 turns).

ANON1729 the Firebug (Demonspawn Fire Elementalist) Turns: 2118, Time: 00:03:12

Health: -1/25      AC:  2    Str:  8    XL:     3   Next: 57%
Magic:  6/6        EV: 12    Int: 16    God:
Gold:   65         SH:  0    Dex: 14    Spells: 5/6 levels left

rFire    . . .     SeeInvis .     - Unarmed
rCold    . . .     Gourm    .   (no shield)
rNeg     . . .     Faith    .   a - +0 robe
rPois    .         Spirit   .   (no helmet)
rElec    .         Reflect  .   (no cloak)
rCorr    .         Harm     .   (no gloves)
MR       .....                  (no boots)
Stlth    ++........             (no amulet)
Regen    0.1/turn               (no ring)
MPRegen  0.1/turn               (no ring)

@: no status effects
A: claws 1, powered by death 1
a: no special abilities


You were on level 2 of the Dungeon.
You were not hungry.

You visited 1 branch of the dungeon, and saw 2 of its levels.

You collected 65 gold pieces.

Inventory:

Armour
 a - a +0 robe (worn)
 j - a +0 buckler
Scrolls
 d - a scroll of enchant armour {unknown}
 e - a scroll of identify {unknown}
 f - a scroll of enchant weapon {unknown}
 i - a scroll of fear {unknown}
 m - a scroll of remove curse {unknown}
 n - a scroll of teleportation {unknown}
 p - a scroll of amnesia {unknown}
Potions
 h - 2 potions of curing {unknown}
 k - a potion of might {unknown}
 l - a potion of berserk rage {unknown}
 o - a potion of flight {unknown}
Books
 b - a book of Flames

   Spells                             Type                      Level
   a - Flame Tongue                   Conjuration/Fire             1
   b - Throw Flame                    Conjuration/Fire             2
   c - Conjure Flame                  Conjuration/Fire             3
   d - Inner Flame                    Hexes/Fire                   3
   e - Sticky Flame                   Conjuration/Fire             4
   f - Fireball                       Conjuration/Fire             5
Comestibles
 c - 3 bread rations
 g - a meat ration
 q - 2 chunks of flesh


   Skills:
 + Level 0.4 Fighting
 + Level 2.0 Dodging
 + Level 1.8 Stealth
 + Level 1.4 Unarmed Combat
 + Level 2.3 Spellcasting
 + Level 1.4 Conjurations
 + Level 3.1 Fire Magic


You had 5 spell levels left.
You knew the following spells:

 Your Spells              Type           Power        Failure   Level  Hunger
a - Flame Tongue          Conj/Fire      #....        8%          1    #......


Dungeon Overview and Level Annotations

Branches:
Dungeon (2/15)

Altars:


Innate Abilities, Weirdness & Mutations

You have sharp fingernails.
You regenerate a little health from kills.


Message History

You kill the ooze!
You barely miss the frilled lizard. You scratch the frilled lizard.
You kill the frilled lizard!
The goblin shoots a stone.
The stone barely misses you.
The goblin unwields an uncursed hunting sling.
The goblin barely misses you.
The goblin shoots a stone.
The stone barely misses you.
Items here: ( )) † a stone; a club; a dagger; a goblin corpse You scratch the goblin but do no damage.
The goblin closely misses you.
The goblin shoots a stone.
The stone closely misses you.
You closely miss the goblin. The goblin hits you.
The goblin shoots a stone.
The stone hits you.
You scratch the goblin but do no damage.
The goblin hits you.
The goblin shoots a stone.
The stone hits you.
* * * LOW HITPOINT WARNING * * *
You barely miss the goblin. The goblin hits you.
You die...

###.# ##.# #..###.#.#. ##...##
#..# ##..........
#.....#######..####......>....
####......................##.###.
#..............÷..........##.# #.
........########..##########.# #.
#.#####.# #..# #.. .. #.#
#.################# ### #. #.#
#...(....(@g....... #.#
###########....:..# #.# #.......#
#.# #.......# #.# #≈≈.....# #.#
#≈≈≈≈≈..# ###### #.# #≈≈≈g≈≈≈#
...... #.# ####'#### ###### #.###


You could see 2 goblins.

Vanquished Creatures
  3 oozes (D:2)
  A dart slug (D:1)
  A ball python (D:2)
  2 giant cockroaches (D:2)
  3 goblins
  7 hobgoblins
  4 kobolds
  A quokka (D:2)
  3 bats
  3 frilled lizards
  7 rats
35 creatures vanquished.

Vanquished Creatures (others)
  4 toadstools (D:1)
4 creatures vanquished.

Grand Total: 39 creatures vanquished

Notes
Turn   | Place    | Note
-------+----------+-------------------------------------------
     0 | D:1      | ANON1729 the Demonspawn Fire Elementalist began the quest for the Orb.
     0 | D:1      | Reached XP level 1. HP: 13/13 MP: 3/3
   635 | D:1      | Gained mutation: You have sharp fingernails. [demonic ancestry]
   635 | D:1      | Reached XP level 2. HP: 16/19 MP: 0/5
  1421 | D:2      | Reached skill level 3 in Fire Magic
  1623 | D:2      | Gained mutation: You regenerate a little health from kills. [demonic ancestry]
  1623 | D:2      | Reached XP level 3. HP: 17/24 MP: 6/6
  1666 | D:2      | Reached skill level 1 in Unarmed Combat
  2118 | D:2      | Slain by a goblin

Skill      XL: |  1  2  3 |
---------------+----------+-----
Dodging        | 2 |  2.0
Fire Magic     | 3 |  3.1
Unarmed Combat | 1 |  1.4
Fighting       | |  0.4
Stealth        | |  1.8
Spellcasting   | |  2.3
Conjurations   | |  1.4

Action                   || total
-------------------------++-------
Melee: Unarmed           ||   158
       Punch             ||     1
 Cast: Flame Tongue      ||    19
 Stab: Sleeping          ||     1
  Eat: Chunk             ||     4
Armor: Robe              ||    22
Dodge: Dodged            ||   112
